 Dungeon Crawl Stone Soup version 0.27-a0-1359-ga2a4dfd6fd (webtiles) character file.

Game seed: 9479276057916598072

90773 dickylongcocking the Nimble (level 16, -20/120 HPs)
             Began as a Djinni Fire Elementalist on June 28, 2021.
             Was the Champion of Makhleb.
             Demolished by a wolf spider (22 damage)
             ... on level 14 of the Dungeon.
             The game lasted 00:48:30 (25023 turns).

dickylongcocking the Nimble (DjFE)                 Turns: 25023, Time: 00:48:31

Health: -20/120    AC: 22    Str: 13    XL:     16   Next: 48%
Gold:   1298       EV: 14    Int: 25    God:    Makhleb [******] SH:  0 Dex: 16

rFire    + + +     SeeInvis .   L - staff of conjuration
rCold    x x .     Faith    .   (no shield)
rNeg     . . .     Spirit   .   r - +0 fire dragon scales "Oguz Lyo" {rF++ rC- Slay+2}
rPois    ∞         Reflect  .   V - +2 helmet {Int+3}
rElec    .         Harm     .   Q - +2 cloak
rCorr    +         Rampage  .   J - +1 pair of gloves
Will     +....                  (boots unavailable)
Stlth    ++........             Z - amulet of regeneration
HPRegen  1.30/turn              y - ring of resist corrosion
MPRegen  0.00/turn              d - +6 ring of strength

@: about to teleport, flying
A: sickness immunity, fire resistance 2, cold vulnerability 1, float, innate
caster, hp casting, extra vitality 1
a: Renounce Religion, Minor Destruction, Lesser Servant of Makhleb, Major
Destruction, Greater Servant of Makhleb


You were on level 14 of the Dungeon.
You worshipped Makhleb.
Makhleb was exalted by your worship.
You visited 3 branches of the dungeon, and saw 22 of its levels.
You also visited: Gauntlet.

You collected 2216 gold pieces.
You spent 918 gold pieces at shops.

Inventory:

Hand Weapons
 M - the +12 glaive of Prune {vorpal}
   (You found it on level 5 of the Dungeon)

   It inflicts extra damage upon your enemies.
Missiles
 g - 3 atropa-tipped darts
 w - 4 boomerangs of dispersal
 X - 2 throwing nets
Armour
 j - the -1 hat "Taenaol" {rF- rC+ Str+2 Stlth+}
   (You found it in a Gauntlet)

   Str:       It affects your strength (+2).
   rF:        It makes you vulnerable to fire.
   rC:        It protects you from cold.
   Stlth:     It makes you more stealthy.
 r - the +0 fire dragon scales "Oguz Lyo" (worn) {rF++ rC- Slay+2}
   (You found it in a Gauntlet)

   Slay:      It affects your accuracy & damage with ranged weapons and melee
   (+2).
   rF:        It greatly protects you from fire.
   rC:        It makes you vulnerable to cold.
 J - a +1 pair of gloves (worn)
 Q - a +2 cloak (worn)
 V - a +2 helmet of intelligence (worn)
 W - a +1 buckler of protection
Magical Staves
 c - a staff of cold
 z - a staff of air
 F - a staff of poison
 L - a staff of conjuration (weapon)
 Y - a staff of earth
Jewellery
 d - a +6 ring of strength (right hand)
 f - a +6 ring of intelligence
 v - a ring of willpower
 x - a ring of wizardry
 y - a ring of resist corrosion (left hand)
 C - a +6 ring of dexterity
 S - a +4 ring of evasion
 Z - an amulet of regeneration (around neck)
Wands
 k - a wand of iceblast (8)
 p - a wand of charming (13)
 s - a wand of mindburst (30)
 D - a wand of flame (95)
 I - a wand of paralysis (25)
 U - a wand of digging (2)
Scrolls
 e - 4 scrolls of teleportation
 i - 4 scrolls of fog
 l - 3 scrolls of immolation
 q - a scroll of magic mapping
 B - 2 scrolls of enchant weapon
 H - 2 scrolls of silence
 K - a scroll of holy word
 N - 2 scrolls of vulnerability
 P - 2 scrolls of enchant armour
 R - a scroll of identify
Potions
 a - 2 potions of lignification {unknown}
 b - 4 potions of flight {unknown}
 h - a potion of invisibility
 m - 4 potions of haste
 n - 2 potions of ambrosia {unknown}
 o - 3 potions of curing
 t - a potion of might
 u - 3 potions of mutation
 A - 2 potions of resistance
 E - 2 potions of cancellation
 G - 2 potions of magic {unknown}
 O - 2 potions of berserk rage
 T - 2 potions of degeneration {unknown}


   Skills:
 * Level 12.5 Fighting
 - Level 4.4 Short Blades
 - Level 12.9 Armour
 * Level 13.0 Dodging
 - Level 7.1 Stealth
 - Level 8.6 Shields
 - Level 11.5 Spellcasting
 * Level 6.1 Evocations


You couldn't memorise any spells.
You knew the following spells:

 Your Spells              Type           Power      Damage    Failure   Level
a - Foxfire               Conj/Fire      100%       2x1d9     1%          1
b - Conjure Flame         Conj/Fire      83%        6-21      1%          3
c - Inner Flame           Hex/Fire       64%        N/A       1%          3
d - Sticky Flame          Conj/Fire      83%        2d9       1%          4
e - Fireball              Conj/Fire      41%        3d17      4%          5
f - Pain                  Necr           100%       1d9       1%          1
g - Ensorcelled Hibernat  Hex/Ice        100%       N/A       1%          2
h - Blink                 Tloc           N/A        N/A       1%          2
i - Portal Projectile     Hex/Tloc       100%       N/A       1%          3
j - Freezing Cloud        Conj/Ice/Air   41%        6-21      4%          5
k - Agony                 Necr           64%        N/A       4%          5
l - Eringya's Noxious Bo  Tmut/Pois      32%        N/A       22%         6
Your spell library was empty.

Dungeon Overview and Level Annotations

Branches:
Dungeon (15/15)            Temple (0/1) D:5            Lair (5/6) D:8
 Shoals (0/4) Lair:4       Spider (0/4) Lair:4          Orc (2/2) D:10
    Elf (0/3) Orc:2        Vaults (0/5) D:13        Gauntlet (visited)
  Slime: Lair:5-6    Depths: D:15

Altars:
Fedhas
Makhleb
Okawaru
Trog
Xom

Shops:
D:1 ?   D:5 :   D:7 *   Orc:1 ?   Orc:2 *!(

Portals:
Pandemonium: Orc:2

Annotations:
D:14 1 transporter, McSplat's ghost, adept OgFE


Innate Abilities, Weirdness & Mutations

You are immune to sickness and miasma.
You are immune to poison.
Your flesh is very heat resistant. (rF++)
You are vulnerable to cold. (rC-)
You float through the air rather than walking.
You learn spells naturally, not from books.
Your magical power is your life essence.
You have superior vitality. (+4 HP)


Message History

The harpy closely misses you. x2
Casting: Inner Flame (safe; 1% risk of failure)
Confirm with . or Enter, or press ? or * to list all spells.
Aiming: Sticky Flame (mildly dangerous; 1% risk of failure)
Press: ? - help, Shift-Dir - straight line, f - moth of wrath, p - harpy
Aim: a moth of wrath (100% to hit)
You feel a surge of power!
The sticky flame hits the moth of wrath!
The moth of wrath is moderately wounded.
The moth of wrath is covered in liquid flames!
The moth of wrath burns!
The harpy rages.
The harpy claws you! The harpy claws you. The harpy claws you!
The harpy claws you but does no damage. The harpy closely misses you.
The harpy claws you but does no damage.
The harpy rages.
The moth of wrath goads the wolf spider on!
The wolf spider goes berserk!
McSplat's ghost hits you! McSplat's ghost freezes you.
Unknown command.
Okay, then.
Okay, then.
As you read the scroll of teleportation, it crumbles to dust.
You feel strangely unstable.
The moth of wrath burns!
The harpy barely misses you. The harpy claws you.
* * * LOW HITPOINT WARNING * * *
The harpy completely misses you. The harpy claws you!
* * * LOW HITPOINT WARNING * * *
The harpy closely misses you. The harpy claws you.
* * * LOW HITPOINT WARNING * * *
The harpy closely misses you. The harpy claws you!
* * * LOW HITPOINT WARNING * * *
The wolf spider hits you.
* * * LOW HITPOINT WARNING * * *
The wolf spider barely misses you. The harpy claws you but does no damage.
The harpy claws you.
* * * LOW HITPOINT WARNING * * *
The harpy rages.
The wolf spider hits you!!
You die...

######### #......#
###.......###....<.#
#...#####...#......#
#.###...###........###
#.#©.....H##..........
##.#...#.#.$#.......###
#..#...#.#..#.......#
#.##.#HyH.?##.......##
#.#.#.@s#.:#..###....##
#.#..H#W.[:#©..#####...
##.##.....#"#.........##
#..©#.#...#!##.#....).#
#..##..##.#s #.#...(..#
#..#...#...#.#........#
#..##....#..##........##
#...##...y..#...........
#.#..#####.##...........


You could see a wolf spider (berserk), a moth of wrath (burning), 3 harpies and
McSplat's ghost.

Vanquished Creatures
  Kirke (D:14)
  A minotaur (Gauntlet)
  Snorg (D:10)
  A merfolk javelineer (D:12)
  A fire dragon (D:13)
  A green death (Gauntlet)
  2 merfolk impalers (D:12)
  6 hydras
  A naga warrior (D:12)
  2 boulder beetles (D:14)
  The ghost of pokeman the Eclecticist, a journeyman DEWz of Vehumet (D:12)
  A death knight (D:14)
  A catoblepas (D:13)
  4 two-headed ogres
  A dancing weapon (D:13)
  9 centaur warriors
  2 tengu warriors
  Urug (Lair:2)
  6 orc high priests (Orc:2)
  2 skeletal warriors (D:14)
  2 gelid demonspawn (Orc:2)
  A torturous demonspawn (Orc:2)
  5 orc knights (Orc:2)
  A wizard (D:13)
  4 deep elf pyromancers
  Pikel (D:8)
  The ghost of bronco the Firebug, a novice TeFE (D:6)
  10 ugly things
  3 manticores (D:13)
  8 orc sorcerers
  8 cyclopes
  2 merfolk sirens (Lair:4)
  9 elephants (Lair:5)
  2 black mambas (Lair:5)
  A black mamba (shapeshifter) (D:13)
  A rust devil (Orc:2)
  2 gargoyles
  An ice statue (D:9)
  An orange demon (Gauntlet)
  A torpor snail (Lair:5)
  8 cane toads
  Joseph (D:9)
  3 rime drakes
  2 efreet (D:13)
  11 komodo dragons
  A tengu conjurer (D:13)
  2 unseen horrors
  A yaktaur (D:13)
  A merfolk (D:13)
  3 red devils (Orc:2)
  A slime creature (D:13)
  8 trolls
  Grinder (D:3)
  5 blink frogs (Lair:5)
  2 redbacks (Lair:4)
  A wraith (D:14)
  A shadow (D:8)
  A centaur simulacrum (D:14)
  5 flying skulls (Gauntlet)
  A ynoxinul (Gauntlet)
  3 vampires
  3 hogs (D:14)
  3 wyverns
  4 basilisks
  15 vampire mosquitoes
  48 yaks
  2 steam dragons
  2 neqoxecs (Orc:2)
  7 wargs
  6 acid dragons
  11 water moccasins
  2 black bears (D:6)
  31 orc warriors
  A sky beast (D:6)
  2 ice beasts
  3 necrophages
  6 ogres
  9 wolves
  8 centaurs
  2 phantoms
  2 lemures (D:8)
  5 kobold brigands
  11 bullfrogs
  A gnoll sergeant (D:6)
  5 scorpions
  9 killer bees
  3 wights (D:8)
  2 howler monkeys
  3 spectral centaurs (D:6)
  3 centaur zombies
  A bullfrog zombie (D:6)
  2 jellies
  3 iron imps (Gauntlet)
  23 orc priests
  4 hounds
  2 bullfrog skeletons
  A centaur skeleton (D:6)
  3 gnoll shamans
  3 iguanas
  21 orc wizards
  A killer bee zombie (D:8)
  A hound skeleton (D:5)
  2 howler monkey zombies
  20 gnolls
  3 adders
  4 howler monkey skeletons
  A white imp (D:5)
  A worm (D:3)
  2 dart slugs (D:4)
  59 orcs
  10 ball pythons
  6 endoplasms
  3 giant cockroaches
  5 goblins
  3 hobgoblins
  8 jackals
  29 kobolds
  2 bats
  2 frilled lizards (D:2)
  5 rats
610 creatures vanquished.

Vanquished Creatures (collateral kills)
  A freezing wraith (D:14)
  A foxfire (D:6)
2 creatures vanquished.

Vanquished Creatures (others)
  3 ugly things
  2 orcs
  548 foxfires
  14 fungi
  27 plants
594 creatures vanquished.

Grand Total: 1206 creatures vanquished

Notes
Turn   | Place    | Note
-------+----------+-------------------------------------------
     0 | D:1      | dickylongcocking the Djinni Fire Elementalist began the
                  | quest for the Orb.
     0 | D:1      | Reached XP level 1. HP: 15/15 MP: 0/0
   226 | D:1      | Found Eptuorioc's Magic Scroll Emporium.
   541 | D:1      | Reached XP level 2. HP: 19/21 MP: 0/0
  1477 | D:2      | Reached XP level 3. HP: 24/25 MP: 0/0
  1477 | D:2      | Learned a level 1 spell: Pain
  1685 | D:2      | Reached XP level 4. HP: 15/31 MP: 0/0
  3284 | D:3      | Reached XP level 5. HP: 12/35 MP: 0/0
  3284 | D:3      | Learned a level 2 spell: Ensorcelled Hibernation
  3565 | D:3      | Noticed Grinder
  3579 | D:3      | Paralysed by Grinder for 2 turns
  3582 | D:3      | Killed Grinder
  3583 | D:3      | Reached skill level 1 in Short Blades
  3583 | D:3      | Reached skill level 3 in Dodging
  3583 | D:3      | Reached XP level 6. HP: 27/41 MP: 0/0
  3693 | D:3      | Reached skill level 1 in Fighting
  3713 | D:3      | Found a faded altar of an unknown god.
  4321 | D:4      | Reached XP level 7. HP: 44/47 MP: 0/0
  4321 | D:4      | Learned a level 2 spell: Blink
  4757 | D:4      | Reached skill level 5 in Spellcasting
  5529 | D:5      | Entered Level 5 of the Dungeon
  5580 | D:5      | Found a burning altar of Makhleb.
  5689 | D:5      | Became a worshipper of Makhleb the Destroyer
  5745 | D:5      | Reached XP level 8. HP: 46/52 MP: 0/0
  5795 | D:5      | Found a staircase to the Ecumenical Temple.
  5797 | D:5      | Found the +12 glaive of Prune {vorpal}
  5810 | D:5      | You are sucked into a shaft and drop 2 floors!
  5811 | D:7      | Found Laask's Assorted Antiques.
  5896 | D:6      | Reached skill level 1 in Armour
  5915 | D:6      | Noticed a troll
  6112 | D:7      | Reached skill level 4 in Dodging
  6563 | D:7      | Found a shimmering altar of Xom.
  6585 | D:7      | Reached XP level 9. HP: 20/57 MP: 0/0
  6585 | D:7      | Learned a level 3 spell: Portal Projectile
  6822 | D:7      | Found a blossoming altar of Fedhas.
  7042 | D:7      | Reached * piety under Makhleb
  7568 | D:6      | Killed a troll
  7914 | D:6      | Reached XP level 10. HP: 49/65 MP: 0/0
  7934 | D:6      | Reached skill level 5 in Dodging
  8002 | D:6      | Reached ** piety under Makhleb
  8297 | D:6      | Found a runed translucent gate.
  8297 | D:6      | Found a runed translucent gate.
  8297 | D:6      | Found a runed translucent gate.
  8299 | D:6      | Noticed bronco's ghost (novice TeFE)
  8541 | D:8      | Found a bloodstained altar of Trog.
  8581 | D:8      | Noticed Pikel
  8600 | D:8      | Killed Pikel
  9342 | D:8      | Found a staircase to the Lair.
  9493 | D:8      | Reached skill level 6 in Dodging
  9690 | D:9      | Reached XP level 11. HP: 40/71 MP: 0/0
  9690 | D:9      | Learned a level 5 spell: Freezing Cloud
  9692 | D:9      | Reached skill level 5 in Armour
  9770 | D:9      | Reached *** piety under Makhleb
  9896 | D:9      | Noticed a two-headed ogre
  9911 | D:9      | Killed a two-headed ogre
  9912 | D:9      | Reached skill level 10 in Spellcasting
 10086 | D:9      | Identified the +1 dagger "Widowermaker" {vorpal, rCorr
                  | Str+4 Dex+4}
 10247 | D:9      | Noticed Joseph
 10259 | D:9      | Killed Joseph
 11006 | D:10     | Entered Level 10 of the Dungeon
 11044 | D:10     | Noticed Snorg
 11052 | D:10     | Killed Snorg
 11053 | D:10     | Reached skill level 1 in Evocations
 11167 | D:10     | Reached skill level 7 in Dodging
 11472 | D:10     | Found a staircase to the Orcish Mines.
 11906 | D:11     | Reached **** piety under Makhleb
 11907 | D:11     | Reached skill level 1 in Shields
 11961 | D:11     | Reached XP level 12. HP: 76/76 MP: 0/0
 12075 | D:11     | Reached skill level 5 in Stealth
 12810 | D:12     | Found a runed translucent gate.
 12810 | D:12     | Noticed a centaur warrior
 12811 | D:12     | Found a runed translucent gate.
 12812 | D:12     | Found a runed translucent gate.
 12815 | D:12     | Noticed a merfolk impaler
 12815 | D:12     | Noticed a merfolk impaler
 12816 | D:12     | Noticed a naga warrior
 12816 | D:12     | Noticed pokeman's ghost (journeyman DEWz)
 12816 | D:12     | Noticed a tengu warrior
 12818 | D:12     | Noticed a merfolk javelineer
 12826 | D:12     | Found an iron altar of Okawaru.
 13299 | D:12     | Noticed a centaur warrior
 13303 | D:12     | Killed a centaur warrior
 13496 | D:12     | Killed a centaur warrior
 13499 | D:12     | Killed a tengu warrior
 13500 | D:12     | Reached skill level 5 in Shields
 13508 | D:12     | Killed pokeman's ghost
 13508 | D:12     | Reached ***** piety under Makhleb
 13509 | D:12     | Killed a merfolk impaler
 13518 | D:12     | Killed a naga warrior
 13519 | D:12     | Reached skill level 10 in Armour
 13522 | D:12     | Killed a merfolk impaler
 13523 | D:12     | Killed a merfolk javelineer
 13524 | D:12     | Reached XP level 13. HP: 56/82 MP: 0/0
 13524 | D:12     | Learned a level 5 spell: Agony
 13890 | D:13     | HP: 4/82 [cyclops/large rock (42)]
 13903 | D:13     | Identified the +1 scale mail of Mysticism {rN+ Dex+2}
 14162 | Lair:1   | Entered Level 1 of the Lair of Beasts
 14190 | Lair:1   | Noticed a four-headed hydra
 14219 | Lair:1   | Killed a four-headed hydra
 15095 | Lair:2   | Noticed Urug
 15105 | Lair:2   | Killed Urug
 15165 | Lair:2   | Noticed an eight-headed hydra
 15172 | Lair:2   | Killed an eight-headed hydra
 15536 | Lair:2   | Identified the +8 war axe of Adargh {speed, Int+2}
 16693 | Lair:4   | Found a hole to the Spider Nest.
 17188 | Lair:4   | Found a staircase to the Shoals.
 17199 | Lair:4   | Reached XP level 14. HP: 78/87 MP: 0/0
 17368 | Lair:5   | Found a gate leading to a gauntlet.
 17371 | Gauntlet | Entered a Gauntlet
 17371 | Gauntlet | Found a transporter.
 17371 | Gauntlet | Found a transporter.
 17387 | Gauntlet | Found a transporter.
 17401 | Gauntlet | Found a large runed translucent door.
 17402 | Gauntlet | Found a large runed translucent door.
 17403 | Gauntlet | Found a large runed translucent door.
 17403 | Gauntlet | Found a large runed translucent door.
 17403 | Gauntlet | Found a large runed translucent door.
 17403 | Gauntlet | Found a large runed translucent door.
 17403 | Gauntlet | Found a large runed translucent door.
 17403 | Gauntlet | Found a large runed translucent door.
 17404 | Gauntlet | Found a runed translucent door.
 17404 | Gauntlet | Found a runed translucent gate.
 17405 | Gauntlet | Found a transporter.
 17405 | Gauntlet | Found a runed translucent gate.
 17405 | Gauntlet | Found a transporter.
 17405 | Gauntlet | Found a transporter.
 17408 | Gauntlet | Found a transporter.
 17408 | Gauntlet | Found a transporter.
 17416 | Gauntlet | Found a runed translucent door.
 17416 | Gauntlet | Found a runed translucent door.
 17420 | Gauntlet | Found a transporter.
 17441 | Gauntlet | Found a transporter.
 17451 | Gauntlet | Found a transporter.
 17458 | Gauntlet | Found a transporter.
 17496 | Gauntlet | Found a large runed translucent door.
 17497 | Gauntlet | Found a large runed translucent door.
 17498 | Gauntlet | Found a large runed translucent door.
 17498 | Gauntlet | Found a large runed translucent door.
 17498 | Gauntlet | Found a large runed translucent door.
 17498 | Gauntlet | Found a large runed translucent door.
 17499 | Gauntlet | Found a large runed translucent door.
 17499 | Gauntlet | Found a large runed translucent door.
 17499 | Gauntlet | Found a runed translucent gate.
 17499 | Gauntlet | Found a runed translucent door.
 17504 | Gauntlet | Found a transporter.
 17519 | Gauntlet | Found a transporter.
 17817 | Gauntlet | Reached skill level 5 in Fighting
 17856 | Gauntlet | Noticed a minotaur
 17864 | Gauntlet | Killed a minotaur
 17921 | Gauntlet | Identified the -1 hat "Taenaol" {rF- rC+ Str+2 Stlth+}
 17935 | Gauntlet | Identified the +0 fire dragon scales "Oguz Lyo" {rF++ rC-
                  | Slay+2}
 18268 | Lair:5   | Reached skill level 8 in Dodging
 18454 | Lair:5   | Reached ****** piety under Makhleb
 19105 | Orc:1    | Entered Level 1 of the Orcish Mines
 19111 | Orc:1    | Reached skill level 9 in Dodging
 19244 | Orc:2    | Entered Level 2 of the Orcish Mines
 19855 | Orc:1    | Found Dussafu's Magic Scroll Emporium.
 20076 | Orc:2    | Found Dadaevomm's General Store.
 20077 | Orc:2    | Found Esucetoy's Distillery.
 20103 | Orc:2    | Reached XP level 15. HP: 105/107 MP: 0/0
 20103 | Orc:2    | Learned a level 6 spell: Eringya's Noxious Bog
 20194 | Orc:2    | Bought 2 potions of haste for 340 gold pieces
 20194 | Orc:2    | Bought a potion of resistance for 170 gold pieces
 20194 | Orc:2    | Bought 2 potions of mutation for 272 gold pieces
 20194 | Orc:2    | Bought a potion of cancellation for 136 gold pieces
 20208 | Orc:2    | Reached skill level 10 in Dodging
 20235 | Orc:2    | Reached skill level 10 in Fighting
 20266 | Orc:2    | Found a staircase to the Elven Halls.
 20620 | Orc:2    | Reached skill level 11 in Dodging
 20668 | Orc:2    | Found Zabreal's Antique Weapon Shoppe.
 20668 | Orc:2    | Found Ilakho's Jewellery Emporium.
 20677 | Orc:2    | Found a one-way gate leading to the halls of Pandemonium.
 21209 | D:5      | Found Beregip's Book Shoppe.
 21597 | D:6      | Killed bronco's ghost
 21902 | D:13     | Found a gate to the Vaults.
 22722 | D:13     | Reached skill level 12 in Dodging
 22966 | D:13     | Reached XP level 16. HP: 113/118 MP: 0/0
 23243 | D:13     | Reached skill level 5 in Evocations
 24257 | D:14     | Found a transporter.
 24303 | D:14     | Noticed Kirke
 24327 | D:14     | Killed Kirke
 24332 | D:14     | Noticed McSplat's ghost (adept OgFE)
 24663 | D:14     | Reached skill level 13 in Dodging
 24882 | D:14     | Found a transporter.
 24955 | D:15     | Entered Level 15 of the Dungeon
 25023 | D:14     | HP: 2/120 [harpy (6)]
 25023 | D:14     | Demolished by a wolf spider

Illustrated notes

Levels and vault maps discovered:
D:1:      saegor_arrival_simple_d, layout_loops_corners, serial_shops, shop
D:2:      minmay_chambers_of_ones, layout_basic
D:3:      layout_basic, hellmonk_ecumenical_altar_arch_garden, uniq_grinder
D:4:      layout_basic
D:5:      layout_gridville, makhleb_blood_cavern_becter,
          minmay_temple_entry_purple_smoke, serial_shops, shop
D:6:      layout_basic, gammafunk_ghost_necromancy, minmay_manual_mail
D:7:      layout_cave_pools, old_standard_altar, lemuel_crystal_altar,
          serial_shops, shop, st_stairs_7
D:8:      layout_basic, amcnicky_altar_gilded, lair_entry_dummy,
          minmay_fractal_squares_gapless_5, uniq_pikel
D:9:      layout_loops_ring, grunt_ministairs_14, minmay_statue_bubble,
          uniq_joseph
D:10:     layout_loops_cross, minmay_orc_entry_guard_dogs, uniq_snorg
D:11:     layout_roguey
D:12:     layout_basic, gammafunk_ghost_fury_of_okawaru, chequers_mini_garden
D:13:     minmay_spiral_squares, layout_basic, erik_vaults_1, chequers_avenue,
          hangedman_stone_soup
D:14:     layout_rooms, minmay_holes, gammafunk_ghost_berserking_beasts,
          uniq_kirke
D:15:     hangedman_depths_entry_try_elsewhere_first, layout_irregular_city,
          nicolae_ru_the_path_less_chosen
Lair:1:   layout_hall_layers
Lair:2:   layout_chaotic_city, uniq_urug
Lair:3:   layout_loops_ring, lemuel_fruit_tree, lemuel_fruit_fields
Lair:4:   layout_cave_pods, elwin_shoals_entry_rooms, spider_nest_entry_webs,
          grunt_megastairs_1, infiniplex_staircase_pool
Lair:5:   cheibrodos_lair_river_kwai, layout_misc_corridors,
          gauntlet_entry_generic
Orc:1:    layout_caves, serial_shops, nicolae_shop_behind_doors
Orc:2:    pf_orc_diabolical, layout_caves, nicolae_orc_rockfall

Skill      XL: |  1  2  3  4  5  6  7  8  9 10 11 12 13 14 15 16 |
---------------+-------------------------------------------------+-----
Spellcasting   | 3 4 5 6 7 9 10 11 | 11.5
Stealth        | 2 3 4 6 7 |  7.1
Short Blades   | 1 2 3 4 |  4.4
Dodging        | 3 4 6 7 9 12 13 | 13.0
Fighting       | 1 2 3 9 11 12 | 12.5
Armour         | 2 4 6 10 12 | 12.9
Evocations     | 1 4 6 |  6.1
Shields        | 2 6 8 |  8.6

Action                   |  1- 3 |  4- 6 |  7- 9 | 10-12 | 13-15 | 16-18 || total
-------------------------+-------+-------+-------+-------+-------+-------++-------
Melee: Short sword       |     5 |    33 |    23 |    37 |       |       ||    98
       Dagger            |       |       |       |     7 |     4 |       ||    11
       War axe           |       |       |       |       |    17 |       ||    17
       Staff             |       |       |       |       |    17 |     6 ||    23
 Cast: Foxfire           |    56 |   112 |    95 |   102 |     9 |       ||   374
       Inner Flame       |       |       |    18 |    46 |    49 |     6 ||   119
       Sticky Flame      |       |       |    19 |    79 |   124 |    26 ||   248
       Fireball          |       |       |       |    60 |   263 |    51 ||   374
       Ensorcelled Hiber |       |       |       |     1 |     4 |       ||     5
       Freezing Cloud    |       |       |       |     4 |    50 |     9 ||    63
       Blink             |       |       |       |       |     6 |       ||     6
       Portal Projectile |       |       |       |       |     1 |       ||     1
       Agony             |       |       |       |       |     5 |     2 ||     7
       Pain              |       |       |       |       |     2 |     1 ||     3
       Eringya's Noxious |       |       |       |       |     4 |     5 ||     9
Evoke: Wand              |       |       |     2 |     1 |     8 |     2 ||    13
  Use: Potion            |       |     5 |     3 |     2 |     2 |     1 ||    13
       Scroll            |       |       |       |       |    22 |     5 ||    27
 Stab: Sleeping          |       |     1 |     1 |     1 |       |       ||     3
Armor: Robe              |     2 |    14 |       |       |       |       ||    16
       Leather armour    |       |     1 |    18 |       |       |       ||    19
       Troll leather arm |       |       |     3 |    50 |    28 |       ||    81
       Fire dragon scale |       |       |       |       |   127 |    64 ||   191
Dodge: Dodged            |    15 |    47 |    57 |   143 |   191 |    63 ||   516
Block: Buckler           |       |       |       |    14 |   133 |    27 ||   174

Table legend: (Time is in decaauts)
 A = Elapsed time spent in this place.
 B = Non-inter-level travel time spent in this place.
 C = Inter-level travel time spent in this place.
 D = Time resting spent in this place.
 E = Time spent auto-exploring this place.
 F = Levels seen in this place.
 G = Mean time per level.
                   A        B        C        D        E       F      G
               +--------+--------+--------+--------+--------+-----+--------+
         Total |  25048 |  22539 |   2509 |   2557 |  15863 |  23 | 1089.0 |
       Dungeon |  18314 |  16224 |   2090 |   2102 |  11382 |  15 | 1220.9 |
          Lair |   4293 |   3920 |    373 |      0 |   3295 |   5 |  858.6 |
  Orcish Mines |   1829 |   1783 |     46 |    294 |   1007 |   2 |  914.5 |
      Gauntlet |    611 |    611 |      0 |    161 |    179 |   1 |  611.0 |
               +--------+--------+--------+--------+--------+-----+--------+

Top non-repeatable levels by time:
    D:13: 2035 daAuts
     D:7: 1748 daAuts
     D:8: 1614 daAuts
     D:9: 1503 daAuts
     D:1: 1484 daAuts
    D:12: 1459 daAuts
     D:3: 1431 daAuts
     D:4: 1373 daAuts
     D:2: 1242 daAuts
     D:6: 1221 daAuts
   Orc:2: 1206 daAuts
    D:10: 1114 daAuts
  Lair:5: 976 daAuts
  Lair:4: 848 daAuts
  Lair:3: 848 daAuts
